 Dungeon Crawl Stone Soup version 0.29.1-15-g9cfb28693d (webtiles) character file.

Game seed: 7408268742080625475

575 iamoutofideas the Cleaver (level 7, 0/70 HPs)
             Began as a Hill Orc Cinder Acolyte on May 1, 2023.
             Was a High Priest of Ignis.
             Succumbed to Edmund's poison
             ... on level 4 of the Dungeon.
             The game lasted 00:04:39 (3880 turns).

iamoutofideas the Cleaver (Hill Orc Cinder Acolyte) Turns: 3880, Time: 00:04:40

Health: 0/70       AC: 19    Str: 19    XL:     7   Next: 35%
Magic:  8/8        EV:  7    Int: 14    God:    Ignis [*****.]
Gold:   114        SH:  0    Dex:  6    Spells: 6/8 levels left

rFire   + . .      SeeInvis .   a - -1 hand axe (flame)
rCold   . . .      Faith    .   (no shield)
rNeg    . . .      Spirit   .   g - +0 chain mail
rPois   .          Reflect  .   (no helmet)
rElec   .          Harm     .   (no cloak)
rCorr   .          Rampage  .   i - +2 pair of gloves
Will    .....      Rage     3%  (no boots)
Stlth   ..........              (no amulet)
HPRegen 0.21/turn               h - +4 ring of protection
MPRegen 0.11/turn               m - +4 ring of protection

@: brilliant, berserking, lethally poisoned (0 -> -11), invisible (expiring),
very quick
A: berserk 1, frail 2, MP-powered wands
a: Renounce Religion, Fiery Armour, Foxfire Swarm, Rising Flame


You were on level 4 of the Dungeon.
You worshipped Ignis.
Ignis was extremely pleased with you.
You visited 1 branch of the dungeon, and saw 4 of its levels.

You collected 200 gold pieces.
You spent 86 gold pieces at shops.

Inventory:

Hand Weapons
 a - a -1 hand axe of flaming (weapon)
 o - a +2 hand axe of venom
Armour
 g - a +0 chain mail (worn)
 i - a +2 pair of gloves (worn)
Jewellery
 h - a +4 ring of protection (left hand)
 m - a +4 ring of protection (right hand)
 n - a ring of magical power
 p - a ring of ice
 u - a +4 ring of protection
 w - a ring of magical power
Wands
 q - a wand of charming (6)
Scrolls
 c - a scroll of fog {unknown}
 e - 4 scrolls of identify {unknown}
 l - a scroll of immolation {unknown}
 r - a scroll of magic mapping {unknown}
 x - 2 scrolls of noise {unknown}
Potions
 b - a potion of flight {unknown}
 f - 3 potions of curing
 j - 2 potions of attraction
 s - a potion of haste
 t - 2 potions of ambrosia {unknown}
 v - a potion of berserk rage {unknown}


   Skills:
 + Level 4.3 Fighting
 * Level 10.1 Axes
 + Level 1.8 Armour
 + Level 0.2 Dodging
 + Level 1.0 Spellcasting
 - Level 3.2 Fire Magic


You had 6 spell levels left.
You knew the following spells:

 Your Spells              Type           Power      Damage    Failure   Level
a - Scorch                Fire           28%        2d6       78%         2

Your spell library contained the following spells:

 Spells                   Type           Power      Damage    Failure   Level
 Magic Dart               Conj           4%         1d3       97%         1
 Searing Ray              Conj           2%         2d4       99%         2
 Fulminant Prism          Conj/Hex       0%         3d6       100%        4


Dungeon Overview and Level Annotations

Branches:
Dungeon (4/15)
 Temple: D:4-7

Altars:
Hepliaklqana
Nemelex Xobeh
Sif Muna
Uskayaw
Vehumet
Wu Jian

Shops:
D:2 *!(:


Innate Abilities, Weirdness & Mutations

You sometimes lose your temper in combat.
You are very frail. (-20% HP)
You expend magic power (3 MP) to strengthen your wands.


Message History

You feel sick.
You hit Edmund. You burn Edmund.
Edmund is heavily wounded.
You feel sick.
Edmund hits you with a +0 dire flail of venom.
You are more poisoned.
You slash Edmund! You burn Edmund.
Edmund is severely wounded.
You flicker for a moment.
You feel sick.
You hit Edmund but do no damage.
Edmund is severely wounded.
You feel sick.
Edmund hits you with a +0 dire flail of venom.
You are more poisoned.
You hit Edmund but do no damage.
Edmund is severely wounded.
* * * LOW HITPOINT WARNING * * *
You feel very sick.
Edmund hits you with a +0 dire flail of venom!
* * * LOW HITPOINT WARNING * * *
You slash Edmund! You burn Edmund.
Edmund is almost dead.
* * * LOW HITPOINT WARNING * * *
You feel sick.
You hit Edmund. You burn Edmund.
Edmund is almost dead.
* * * LOW HITPOINT WARNING * * *
You feel sick. Edmund hits you but does no damage.
You hit Edmund. You burn Edmund.
You kill Edmund!
* * * LOW HITPOINT WARNING * * *
You feel sick.
Your Axes skill increases to level 10!
* * * LOW HITPOINT WARNING * * *
You feel sick.
Items here: ! ) [ †.
b - a fuming green potion You feel a strong urge to attack something.
You die...

....#.............#
....#............##
....'............##....##
....##...##......#.......
.<..##...##.>....#.....#
'#####...........#.....##
.................#......#
#######[.........#...<..#
#≈≈≈≈≈#..##.....@#......#
#≈8.8≈#..##......'......#
§.._.≈#).........#......#
#≈8.8≈#).##.)...###....## #
≈≈§§#..##.....###....#########
#######.........#..............#
............)...'..............#
..........).....##########.....#
..####.####.##(.##.......#.....#


There were no monsters in sight!

Vanquished Creatures
  Edmund (D:4)
  A black bear (D:3)
  2 ogres
  A phantom (D:4)
  A hound (D:4)
  3 adders
  6 orcs (D:4)
  8 ball pythons
  3 bats
  3 endoplasms
  5 goblins
  9 hobgoblins
  9 kobolds
  4 quokkas
  2 frilled lizards (D:1)
  2 rats
60 creatures vanquished.

Vanquished Creatures (others)
  21 foxfires (D:3)
21 creatures vanquished.

Grand Total: 81 creatures vanquished

Notes
Turn   | Place    | Note
-------+----------+-------------------------------------------
     0 | D:1      | iamoutofideas the Hill Orc Cinder Acolyte began the quest
                  | for the Orb.
     0 | D:1      | Reached XP level 1. HP: 19/19 MP: 2/2
   219 | D:1      | Reached XP level 2. HP: 23/27 MP: 3/3
   619 | D:1      | Found a faded altar of an unknown god.
   627 | D:1      | Reached skill level 5 in Axes
  1079 | D:2      | Found Ijyreniaw's Antique Weapon Boutique.
  1092 | D:2      | Learned a level 2 spell: Scorch
  1122 | D:2      | Found Juechab's Assorted Antiques.
  1133 | D:2      | Reached XP level 3. HP: 21/33 MP: 4/4
  1142 | D:2      | Bought a scroll labelled BELOR YPUAKHO for 21 gold pieces
  1468 | D:2      | Found Bepei's Book Boutique.
  1533 | D:2      | Found a sparkling altar of Nemelex Xobeh.
  1596 | D:2      | Found Tuixzunk's Distillery.
  1606 | D:2      | Bought a potion of heal wounds for 65 gold pieces
  1807 | D:3      | Found an ornate altar of the Wu Jian Council.
  2069 | D:3      | Found a hide-covered altar of Uskayaw.
  2187 | D:3      | Reached skill level 6 in Axes
  2377 | D:3      | Found a hazy altar of Hepliaklqana.
  2558 | D:4      | Reached XP level 4. HP: 39/40 MP: 5/5
  2562 | D:4      | Noticed an ogre
  2562 | D:4      | Noticed a black bear
  2658 | D:3      | Killed an ogre
  2658 | D:3      | Killed a black bear
  2659 | D:3      | Reached skill level 8 in Axes
  2659 | D:3      | Reached XP level 5. HP: 4/46 MP: 6/6
  2659 | D:3      | Reached XP level 6. HP: 5/52 MP: 7/7
  3055 | D:4      | Reached skill level 9 in Axes
  3229 | D:4      | Noticed Edmund
  3592 | D:4      | Found a shimmering blue altar of Sif Muna.
  3599 | D:4      | Found a radiant altar of Vehumet.
  3636 | D:4      | Reached skill level 1 in Armour
  3831 | D:4      | Reached XP level 7. HP: 59/59 MP: 8/8
  3858 | D:4      | Gained mutation: You are frail. (-10% HP) [potion of
                  | mutation]
  3858 | D:4      | Gained mutation: You sometimes lose your temper in combat.
                  | [potion of mutation]
  3858 | D:4      | Gained mutation: You are very frail. (-20% HP) [potion of
                  | mutation]
  3858 | D:4      | Gained mutation: You expend magic power (3 MP) to
                  | strengthen your wands. [potion of mutation]
  3878 | D:4      | Killed Edmund
  3879 | D:4      | Reached skill level 10 in Axes
  3879 | D:4      | HP: 2/70 [poisoned by Edmund]
  3880 | D:4      | Succumbed to Edmund's poison

Illustrated notes

Levels and vault maps discovered:
D:1:      noname_arrival_rooms_in_the_neighbourhood, layout_basic,
          chequers_ecumenical_altar_island
D:2:      layout_basic, serial_shops, nicolae_shop_hallway_plus, shop,
          nicolae_shop_trees, nicolae_lakefront_shop, basic_altar
D:3:      layout_basic, eat_drink_and_be_merry_uskayaw,
          mainiacjoe_overflow_catch_the_wave, chequers_serial_rivers_small_b
D:4:      layout_gridville, kennysheep_little_box, fiery_altar_vehumet,
          kennysheep_generic_room_11, uniq_edmund

Skill      XL: |  1  2  3  4  5  6  7 |
---------------+----------------------+-----
Axes           | 5 6 8 9 10 | 10.1
Fighting       | 4 |  4.3
Armour         | 1 |  1.8
Dodging        | |  0.2
Spellcasting   | |  1.0
Fire Magic     | |  3.2

Action                   |  1- 3 |  4- 6 |  7- 9 || total
-------------------------+-------+-------+-------++-------
Melee: Hand axe          |   126 |    96 |    23 ||   245
Invok: Foxfire Swarm     |       |     1 |       ||     1
       Fiery Armour      |       |     1 |       ||     1
  Use: Scroll            |     1 |       |       ||     1
       Potion            |       |     3 |     4 ||     7
 Stab: Invisible         |       |       |     1 ||     1
Armor: Robe              |     6 |       |       ||     6
       Chain mail        |    67 |    83 |     8 ||   158
Dodge: Dodged            |    46 |    32 |    10 ||    88
